TOP OF THE 1ST |
Arkansas Travelers batting - Pitching for Midland RockHounds : RHP Felix Carranza
|
Pitching: RHP Felix Carranza
|
|
Batting: RHB Ricky Mejicanos
|
0-0: Foul Ball, location: 2F 0-1: SINGLE (Groundball, 56D, EV 103.1 MPH)
|
Batting: RHB Danny Bjarnson
|
0-0: Fly out, F8 (Line Drive, 8LD, EV 93.1 MPH)
|
Batting: RHB Juan Montez
|
0-0: Called Strike 0-1: Called Strike 0-2: Ball 1-2: Ball 2-2: Ball 3-2: Foul Ball, location: 2F 3-2: Foul Ball, location: 2F 3-2: Base on Balls Ricky Mejicanos to second
|
Batting: RHB Kyler Seitz
|
0-0: SINGLE (Groundball, 56D, EV 99.4 MPH) Ricky Mejicanos to third Juan Montez to second Runner from 3rd tries for Home, SAFE, throw by LF to home
|
Batting: RHB Nick Lombardo
|
0-0: Fly out, F8 (Flyball, 8LS, EV 86.9 MPH)
|
Batting: LHB Mutsuo IIda
|
0-0: Called Strike 0-1: Foul Ball, location: 2F 0-2: Strikes out swinging
|
Top of the 1st over - 1 run, 2 hits, 0 errors, 2 left on base; Arkansas 1 - Midland 0 |
BOTTOM OF THE 1ST |
Midland RockHounds batting - Pitching for Arkansas Travelers : RHP Nick Madrid
|
Pitching: RHP Nick Madrid
|
|
Batting: RHB Chris Bohm
|
0-0: Called Strike 0-1: Ball 1-1: Ground out 6-3 (Groundball, 6, EV 76.9 MPH)
|
Batting: RHB Chris Prinzing
|
0-0: Ball 1-0: Called Strike 1-1: Swinging Strike 1-2: Ball 2-2: Foul Ball, location: 2F 2-2: Ball 3-2: Strikes out swinging
|
Batting: LHB Tom Raupp
|
0-0: Ball 1-0: Ball 2-0: Ball 3-0: Called Strike 3-1: Ground out 4-3 (Groundball, 4, EV 86.9 MPH)
|
Bottom of the 1st over - 0 runs, 0 hits, 0 errors, 0 left on base; Arkansas 1 - Midland 0 |
TOP OF THE 2ND |
Arkansas Travelers batting - Pitching for Midland RockHounds : RHP Felix Carranza
|
Batting: RHB Kinya Nishimura
|
0-0: Ground out 4-3 (Groundball, 13, EV 85.6 MPH)
|
Batting: RHB Ryan Pelletier
|
0-0: Ball 1-0: Ball 2-0: SINGLE (Line Drive, 4M, EV 100.6 MPH)
|
Batting: RHB Phil Knox
|
0-0: Fly out, F9 (Flyball, 89D, EV 80.6 MPH)
|
Batting: RHB Ricky Mejicanos
|
0-0: Ball 1-0: Ground out 4-3 (Groundball, 4, EV 86.9 MPH)
|
Top of the 2nd over - 0 runs, 1 hit, 0 errors, 1 left on base; Arkansas 1 - Midland 0 |
BOTTOM OF THE 2ND |
Midland RockHounds batting - Pitching for Arkansas Travelers : RHP Nick Madrid
|
Batting: LHB Chance Stever
|
0-0: Swinging Strike 0-1: Ground out U3 (Groundball, 34S, EV 93.1 MPH)
|
Batting: RHB Matt Sherard
|
0-0: Ball 1-0: Called Strike 1-1: Foul Ball, location: 2F 1-2: Foul Ball, location: 2F 1-2: Foul Ball, location: 2F 1-2: Ball 2-2: Fly out, F7 (Line Drive, 7, EV 90.6 MPH)
|
Batting: RHB Don Burt
|
0-0: Swinging Strike 0-1: Ground out 5-3 (Groundball, 56, EV 106.2 MPH)
|
Bottom of the 2nd over - 0 runs, 0 hits, 0 errors, 0 left on base; Arkansas 1 - Midland 0 |
TOP OF THE 3RD |
Arkansas Travelers batting - Pitching for Midland RockHounds : RHP Felix Carranza
|
Batting: RHB Danny Bjarnson
|
0-0: Ball 1-0: Ball 2-0: Fly out, F8 (Flyball, 89D, EV 102.5 MPH)
|
Batting: RHB Juan Montez
|
0-0: Foul Ball, location: 2F 0-1: Fly out, F8 (Flyball, 8RM, EV 83.1 MPH)
|
Batting: RHB Kyler Seitz
|
0-0: DOUBLE (Line Drive, 3D, EV 95.0 MPH)
|
Batting: RHB Nick Lombardo
|
0-0: Swinging Strike 0-1: Swinging Strike 0-2: Ball Wild Pitch! Kyler Seitz to third 1-2: Strikes out swinging
|
Top of the 3rd over - 0 runs, 1 hit, 0 errors, 1 left on base; Arkansas 1 - Midland 0 |
BOTTOM OF THE 3RD |
Midland RockHounds batting - Pitching for Arkansas Travelers : RHP Nick Madrid
|
Batting: RHB Micah Roth
|
0-0: Ball 1-0: Foul Ball, location: 2F 1-1: Called Strike 1-2: DOUBLE (Flyball, 89D, EV 103.1 MPH)
|
Batting: LHB Robert Wilkins
|
0-0: Ball 1-0: Ball 2-0: Foul Ball, location: 2F 2-1: Ground out 6-3 (Groundball, 6, EV 84.4 MPH) Micah Roth to third
|
Batting: RHB Larry Clark
|
0-0: Ball 1-0: Ball 2-0: Fly out, F7 (Flyball, 7, EV 87.5 MPH)
|
Batting: RHB Chris Bohm
|
0-0: Ball 1-0: Swinging Strike 1-1: Ball 2-1: Called Strike 2-2: Foul Ball, location: 2F 2-2: Ball Wild Pitch! Micah Roth scores 3-2: Foul Ball, location: 2F 3-2: Strikes out swinging
|
Bottom of the 3rd over - 1 run, 1 hit, 0 errors, 0 left on base; Arkansas 1 - Midland 1 |
TOP OF THE 4TH |
Arkansas Travelers batting - Pitching for Midland RockHounds : RHP Felix Carranza
|
Batting: LHB Mutsuo IIda
|
0-0: Ball 1-0: Ball 2-0: Ball 3-0: Base on Balls
|
Batting: RHB Kinya Nishimura
|
0-0: Called Strike 0-1: Ball Mutsuo IIda is caught stealing 2nd base 2-4 1-1: Fly out, F8 (Flyball, 8LD, EV 74.4 MPH)
|
Batting: RHB Ryan Pelletier
|
0-0: Ball 1-0: Called Strike 1-1: Called Strike 1-2: Strikes out swinging
|
Top of the 4th over - 0 runs, 0 hits, 0 errors, 0 left on base; Arkansas 1 - Midland 1 |
BOTTOM OF THE 4TH |
Midland RockHounds batting - Pitching for Arkansas Travelers : RHP Nick Madrid
|
Batting: RHB Chris Prinzing
|
0-0: Ball 1-0: Swinging Strike 1-1: Foul Ball, location: 2F 1-2: Ball 2-2: Ground out 6-3 (Groundball, 6, EV 84.4 MPH)
|
Batting: LHB Tom Raupp
|
0-0: Ball 1-0: Called Strike 1-1: Ball 2-1: SINGLE (Line Drive, 3L, EV 95.6 MPH)
|
Batting: LHB Chance Stever
|
0-0: Foul Ball, location: 2F 0-1: Ball 1-1: Ball 2-1: Fly out, F8 (Flyball, 8RD, EV 91.2 MPH)
|
Batting: RHB Matt Sherard
|
0-0: Ball 1-0: Called Strike 1-1: Foul Ball, location: 2F 1-2: Ball Wild Pitch! Tom Raupp to second 2-2: Foul Ball, location: 2F 2-2: Ball 3-2: Ground out 6-3 (Groundball, 6, EV 85.0 MPH)
|
Bottom of the 4th over - 0 runs, 1 hit, 0 errors, 1 left on base; Arkansas 1 - Midland 1 |
TOP OF THE 5TH |
Arkansas Travelers batting - Pitching for Midland RockHounds : RHP Felix Carranza
|
Batting: RHB Phil Knox
|
0-0: Ball 1-0: Foul Ball, location: 2F 1-1: Called Strike 1-2: Ball 2-2: Strikes out swinging
|
Batting: RHB Ricky Mejicanos
|
0-0: Called Strike 0-1: Called Strike 0-2: Ball 1-2: Foul Ball, location: 2F 1-2: SINGLE (Groundball, 34D, EV 95.0 MPH)
|
Batting: RHB Danny Bjarnson
|
0-0: Called Strike 0-1: Ball 1-1: Swinging Strike 1-2: Strikes out swinging
|
Batting: RHB Juan Montez
|
0-0: Called Strike 0-1: Ball 1-1: Swinging Strike 1-2: Ball 2-2: Foul Ball, location: 2F 2-2: SINGLE (Groundball, 5S, EV 73.8 MPH) (infield hit) Ricky Mejicanos to second
|
Batting: RHB Kyler Seitz
|
0-0: Swinging Strike 0-1: Foul Ball, location: 2F 0-2: Ball 1-2: Strikes out swinging
|
Top of the 5th over - 0 runs, 2 hits, 0 errors, 2 left on base; Arkansas 1 - Midland 1 |
BOTTOM OF THE 5TH |
Midland RockHounds batting - Pitching for Arkansas Travelers : RHP Nick Madrid
|
Batting: RHB Don Burt
|
0-0: Ball 1-0: Ground out 1-3 (Groundball, 15S, EV 71.2 MPH)
|
Batting: RHB Micah Roth
|
0-0: Foul Ball, location: 2F 0-1: Ball 1-1: Ball 2-1: SINGLE (Groundball, 56D, EV 101.9 MPH)
|
Batting: LHB Robert Wilkins
|
0-0: Called Strike 0-1: Foul Ball, location: 2F 0-2: Fly out, F7 (Line Drive, 78D, EV 93.1 MPH)
|
Batting: RHB Larry Clark
|
0-0: Ball 1-0: Called Strike Micah Roth is caught stealing 2nd base 2-4
|
Bottom of the 5th over - 0 runs, 1 hit, 0 errors, 0 left on base; Arkansas 1 - Midland 1 |
TOP OF THE 6TH |
Arkansas Travelers batting - Pitching for Midland RockHounds : RHP Felix Carranza
|
Batting: RHB Nick Lombardo
|
0-0: SINGLE (Groundball, 56D, EV 100.0 MPH)
|
Batting: LHB Mutsuo IIda
|
0-0: Ball 1-0: Ball 2-0: Ball 3-0: Base on Balls Nick Lombardo to second
|
Batting: RHB Kinya Nishimura
|
0-0: Ball 1-0: Fly out, F7 (Flyball, 7D, EV 81.2 MPH) Runner from 2nd tags up, SAFE at 3rd, no throw by LF
|
Batting: RHB Ryan Pelletier
|
0-0: Swinging Strike 0-1: Ball 1-1: Ball 2-1: Grounds into double play, 6-4-3 (Groundball, 6M, EV 81.2 MPH)
|
Top of the 6th over - 0 runs, 1 hit, 0 errors, 1 left on base; Arkansas 1 - Midland 1 |
BOTTOM OF THE 6TH |
Midland RockHounds batting - Pitching for Arkansas Travelers : RHP Nick Madrid
|
Pitching: RHP Jason Smallwood
|
|
Pinch Hitting: LHB Nick Pacheco
|
0-0: Ball 1-0: Swinging Strike 1-1: Foul Ball, location: 2F 1-2: Strikes out looking
|
Batting: RHB Chris Bohm
|
0-0: Called Strike 0-1: Foul Ball, location: 2F 0-2: Strikes out swinging
|
Batting: RHB Chris Prinzing
|
0-0: Called Strike 0-1: Ball 1-1: Ball 2-1: Ball 3-1: Called Strike 3-2: Strikes out swinging
|
Bottom of the 6th over - 0 runs, 0 hits, 0 errors, 0 left on base; Arkansas 1 - Midland 1 |
TOP OF THE 7TH |
Arkansas Travelers batting - Pitching for Midland RockHounds : RHP Felix Carranza
|
Now at 2B: Jose Mojica
|
|
Batting: RHB Phil Knox
|
0-0: Ball 1-0: Ball 2-0: Ball 3-0: Called Strike 3-1: Foul Ball, location: 2F 3-2: Ground out 6-3 (Groundball, P, EV 85.0 MPH)
|
Pitching: RHP Jon Hollman
|
|
Batting: RHB Ricky Mejicanos
|
0-0: Ball 1-0: Called Strike 1-1: Called Strike 1-2: Ball 2-2: DOUBLE (Line Drive, 5D, EV 95.6 MPH)
|
Pinch Hitting: LHB Dave Hicks
|
0-0: Called Strike 0-1: Ball 1-1: SINGLE (Line Drive, 8LS, EV 88.1 MPH) Ricky Mejicanos to third Runner from 3rd tries for Home, SAFE, throw by CF to home
|
Batting: RHB Juan Montez
|
0-0: Ball Wild Pitch! Dave Hicks to second 1-0: Intentional Walk
|
Batting: RHB Kyler Seitz
|
0-0: Ball 1-0: Called Strike 1-1: Foul Ball, location: 2F 1-2: Strikes out swinging
|
Batting: RHB Nick Lombardo
|
0-0: Called Strike 0-1: Ball 1-1: Ball 2-1: Foul Ball, location: 2F 2-2: Ground out 5-3 (Groundball, 56S, EV 85.0 MPH)
|
Top of the 7th over - 1 run, 2 hits, 0 errors, 2 left on base; Arkansas 2 - Midland 1 |
BOTTOM OF THE 7TH |
Midland RockHounds batting - Pitching for Arkansas Travelers : RHP Jason Smallwood
|
Pitching: LHP Jose Rivera
|
|
Now in RF: T.J. Gray
|
|
Pinch Hitting: RHB Gojko Golob
|
0-0: Ball 1-0: Ball 2-0: Foul Ball, location: 2F 2-1: Ground out 3-1 (Groundball, 34, EV 80.0 MPH)
|
Batting: LHB Chance Stever
|
0-0: Called Strike 0-1: Ground out 4-3 (Groundball, 4M, EV 83.8 MPH)
|
Pitching: RHP Jose Alvarado
|
|
Batting: RHB Matt Sherard
|
0-0: Called Strike 0-1: Ball 1-1: SINGLE (Groundball, 56, EV 103.8 MPH) (infield hit)
|
Batting: RHB Don Burt
|
0-0: Ball Matt Sherard steals 2nd base (no throw) 1-0: Called Strike 1-1: Ball 2-1: Ball 3-1: Base on Balls
|
Batting: RHB Micah Roth
|
0-0: Swinging Strike 0-1: Ball 1-1: Ball 2-1: Fly out, F8 (Flyball, 8LM, EV 71.9 MPH)
|
Bottom of the 7th over - 0 runs, 1 hit, 0 errors, 2 left on base; Arkansas 2 - Midland 1 |
TOP OF THE 8TH |
Arkansas Travelers batting - Pitching for Midland RockHounds : RHP Jon Hollman
|
Now at C: Gojko Golob
|
|
Now at 1B: Don Burt
|
|
Batting: LHB Mutsuo IIda
|
0-0: Ground out 6-3 (Groundball, 56, EV 107.5 MPH)
|
Batting: RHB Kinya Nishimura
|
0-0: Called Strike 0-1: Ball 1-1: Fly out, F4 (Popup, 4S, EV 56.2 MPH)
|
Batting: RHB Ryan Pelletier
|
0-0: SINGLE (Line Drive, 6M, EV 106.2 MPH)
|
Batting: RHB Phil Knox
|
0-0: Fly out, F9 (Flyball, 89S, EV 88.1 MPH)
|
Top of the 8th over - 0 runs, 1 hit, 0 errors, 1 left on base; Arkansas 2 - Midland 1 |
BOTTOM OF THE 8TH |
Midland RockHounds batting - Pitching for Arkansas Travelers : RHP Jose Alvarado
|
Batting: LHB Robert Wilkins
|
0-0: Called Strike 0-1: Ball 1-1: Ground out 4-3 (Groundball, 4, EV 80.6 MPH)
|
Batting: LHB Jose Mojica
|
0-0: Called Strike 0-1: Ground out 4-3 (Groundball, 4, EV 89.4 MPH)
|
Batting: RHB Chris Bohm
|
0-0: Called Strike 0-1: Foul Ball, location: 2F 0-2: Foul Ball, location: 2F 0-2: Strikes out looking
|
Bottom of the 8th over - 0 runs, 0 hits, 0 errors, 0 left on base; Arkansas 2 - Midland 1 |
TOP OF THE 9TH |
Arkansas Travelers batting - Pitching for Midland RockHounds : RHP Jon Hollman
|
Pitching: RHP John Shutt
|
|
Batting: RHB Ricky Mejicanos
|
0-0: Fly out, F8 (Line Drive, 8LM, EV 106.9 MPH)
|
Batting: RHB T.J. Gray
|
0-0: Ball 1-0: DOUBLE (Groundball, 5L, EV 105.0 MPH)
|
Batting: RHB Juan Montez
|
0-0: Intentional Walk
|
Batting: RHB Kyler Seitz
|
0-0: Ball 1-0: Ball 2-0: Foul Ball, location: 2F 2-1: Swinging Strike 2-2: Ball 3-2: Grounds into double play, 4-6-3 (Groundball, 4, EV 106.2 MPH)
|
Top of the 9th over - 0 runs, 1 hit, 0 errors, 1 left on base; Arkansas 2 - Midland 1 |
BOTTOM OF THE 9TH |
Midland RockHounds batting - Pitching for Arkansas Travelers : RHP Jose Alvarado
|
Pitching: LHP Ismael Diaz
|
|
Batting: RHB Chris Prinzing
|
0-0: Ball 1-0: Swinging Strike 1-1: Foul Ball, location: 2F 1-2: Strikes out looking
|
Batting: RHB Gojko Golob
|
0-0: Called Strike 0-1: Ball 1-1: Swinging Strike 1-2: Ball 2-2: Foul Ball, location: 2F 2-2: Strikes out swinging
|
Batting: RHB Andrew Nicol
|
0-0: Ball 1-0: Ball 2-0: Called Strike 2-1: SINGLE (Groundball, 56D, EV 107.5 MPH)
|
Batting: RHB Matt Sherard
|
0-0: Ball 1-0: Ball 2-0: Ball 3-0: Called Strike 3-1: Foul Ball, location: 2F 3-2: Foul Ball, location: 2F 3-2: Fly out, F7 (Line Drive, 78D, EV 100.6 MPH)
|
Bottom of the 9th over - 0 runs, 1 hit, 0 errors, 1 left on base; Arkansas 2 - Midland 1 |
|